AoeStats
← Sovrano-di-Capiate

Black Forest

510379889Analyzed
3v3 RM · 1d ago on Sep 30, 2026· 50m 4s· 6 players
Game mode
Random Map
Map size
Normal (6 player)
Population
200
Speed
Normal
Resources
Standard
Victory
Conquest
Starting age
Dark Age
Ending age
Imperial Age
RankedLock teamsTeams togetherTeam positionsShared explorationLock speedFull tech treeHidden civsTurbo modeCheats
Victory
Defeat
🇵🇹 Portuguese · Portugal
711
+12
🇩🇪 Persians · Germany
681
+13
🇩🇪 Teutons · Germany
634
+14
🇺🇸 Cumans · United States
635
-14
🇮🇹 Italians · Italy
601
-13
🇹🇷 Britons · Türkiye
595
-12
kolb-alexander
17:10 Feudal Age
18:16 Horse Collar
18:25 Double-Bit Axe
20:24 Gold Mining
21:34 Stone Mining
25:28 Castle Age
23:46 Fletching
24:01 Scale Barding Armor
24:10 Forging
26:18 Chain Barding Armor
27:11 Bodkin Arrow
27:47 Bow Saw
28:21 Husbandry
28:34 Bloodlines
30:42 Gold Shaft Mining
30:23 Heavy Plow
32:05 Iron Casting
35:26 Imperial Age
33:41 Ballistics
34:26 Wheelbarrow
34:12 Murder Holes
37:06 Conscription
37:50 Crop Rotation
37:47 Caravan
38:29 Cavalier
39:28 Savar
40:56 Hand Cart
40:35 Elite War Elephant
43:52 Two-Man Saw
43:52 Plate Barding Armor
43:10 Heated Shot
44:21 Chemistry
44:10 Squires
44:52 Stone Shaft Mining
45:35 Masonry
46:31 Blast Furnace
leonid-brose
0:28 Loom
10:56 Feudal Age
11:37 Double-Bit Axe
12:33 Wheelbarrow
12:22 Town Watch
13:49 Horse Collar
14:03 Stone Mining
14:43 Gold Mining
19:39 Arson
19:42 Man-at-Arms
23:48 Castle Age
22:21 Padded Archer Armor
22:12 Fletching
22:23 Scale Mail Armor
23:10 Scale Barding Armor
23:23 Forging
25:14 Bow Saw
24:51 Crossbowman
26:26 Squires
26:11 Gambesons
26:32 Long Swordsman
31:06 Town Patrol
31:30 Hand Cart
35:56 Caravan
39:43 Imperial Age
39:29 Heavy Plow
40:08 Stone Shaft Mining
39:53 Leather Archer Armor
39:34 Bodkin Arrow
40:15 Iron Casting
40:18 Cavalier
41:32 Heated Shot
41:52 Fortified Wall
42:43 Chemistry
42:18 Ring Archer Armor
42:03 Chain Mail Armor
42:09 Chain Barding Armor
42:25 Crop Rotation
42:33 Paladin
Fakir
6:10 Loom
15:27 Feudal Age
16:10 Double-Bit Axe
16:34 Arson
16:16 Man-at-Arms
17:19 Town Watch
20:10 Horse Collar
23:23 Castle Age
21:30 Gold Mining
24:46 Scale Mail Armor
24:57 Forging
26:02 Bow Saw
25:54 Heavy Plow
29:04 Pikeman
34:08 Wheelbarrow
38:07 Imperial Age
37:35 Town Patrol
37:51 Hand Cart
40:14 Chemistry
40:53 Elite Organ Gun
42:19 Halberdier
43:37 Siege Engineers
43:47 Masonry
43:30 Guard Tower
46:07 Arquebus
48:11 Chain Mail Armor
48:32 Iron Casting
Sovrano-di-Capiate
13:17 Feudal Age
13:24 Loom
14:36 Double-Bit Axe
15:49 Wheelbarrow
15:32 Horse Collar
18:17 Fletching
27:12 Castle Age
25:25 Gold Mining
25:26 Stone Mining
27:39 Padded Archer Armor
27:51 Forging
28:33 Bow Saw
28:27 Heavy Plow
29:07 Stone Shaft Mining
28:39 Bodkin Arrow
29:10 Thumb Ring
31:13 Leather Archer Armor
32:18 Hand Cart
35:18 Ballistics
36:39 Iron Casting
36:05 Scale Mail Armor
39:10 Imperial Age
37:32 Squires
38:54 Silk Road
43:27 Chemistry
48:00 Ring Archer Armor
47:30 Bracer
48:31 Blast Furnace
Tiger Eyes
0:31 Loom
10:53 Feudal Age
11:29 Man-at-Arms
12:58 Wheelbarrow
24:58 Fletching
25:09 Padded Archer Armor
27:19 Castle Age
28:24 Capped Ram
37:17 Imperial Age
38:30 Long Swordsman
42:50 Onager
gunessoley
11:26 Feudal Age
11:53 Double-Bit Axe
13:37 Gold Mining
20:27 Castle Age
21:33 Crossbowman
24:38 Padded Archer Armor
24:52 Horse Collar
25:54 Fletching
27:45 Gold Shaft Mining
29:30 Bodkin Arrow
32:00 Heavy Plow
32:09 Stone Mining
32:43 Ballistics
33:49 Leather Archer Armor
35:40 Forging
37:18 Iron Casting
38:12 Bow Saw
42:15 Yeomen
42:09 Caravan
45:02 Imperial Age
47:05 Ring Archer Armor
47:49 Bracer
48:50 Blast Furnace
48:19 Elite Longbowman
49:17 Elite Longbowman
Connection lost

Rejoining the realm…

Still unreachable

The connection could not be restored.

Session expired

The server has moved on; the page needs a fresh start.